[Event "Titled Tuesday Blitz August 15 Late 2023"]
[White "LuxLinster"]
[Black "Wafa, Shrook"]
[BlackFideId "10609970"]
[WhiteElo "2255"]
[BlackElo "2402"]
[Result "0-1"]
[Round "8"]
[TimeControl "180+1"]
[Date "2023.08.15"]
[WhiteClock "0:00:00"]
[BlackClock "0:00:41"]
[Board "109"]

1. d4 d5 2. c4 c6 3. Nf3 Nf6 4. g3 Bf5 5. Nc3 dxc4 6. Bg2 e6 7. O-O Be7 8. Ne5 O-O 9. e4 Bg6 10. Nxc4 Nbd7 11. Be3 Nb6 12. Ne5 Bd6 13. Qb3 Bxe5 14. dxe5 Nfd7 15. f4 Qe7 16. a4 Nc5 17. Qa3 Nbd7 18. Rfd1 b6 19. Rd6 Rad8 20. Rxc6 Nb8 21. Rxc5 bxc5 22. Bxc5 Qb7 23. Bxf8 Rxf8 24. Rd1 Bh5 25. Rd2 Nc6 26. Nb5 Qb6+ 27. Kf1 h6 28. Bf3 Bxf3 29. Qxf3 Qa6 30. b3 Rb8 31. Qd3 Qb6 32. Ke2 a6 33. Nd6 Qxb3 34. Qxb3 Rxb3 35. Ra2 Nb4 36. Rd2 Ra3 37. Rd4 Rxa4 38. Nb7 Ra2+ 39. Kf3 Nc6 40. Rc4 Na5 41. Nxa5 Rxa5 42. Rc8+ Kh7 43. Rc7 Kg6 44. g4 Ra3+ 45. Kf2 f6 46. exf6 gxf6 47. h4 h5 48. f5+ exf5 49. gxf5+ Kh6 50. Rf7 Rh3 51. Rxf6+ Kh7 52. Rxa6 Rxh4 53. Kf3 Rh1 54. e5 Rf1+ 55. Ke4 h4 56. e6 Re1+ 57. Kf4 h3 58. Ra3 Rf1+ 59. Kg3 Kg7 0-1


[Site "https://www.chess.com"]

[Event "Titled Tuesday Blitz August 15 Late 2023"]
[White "Labussiere, Yago"]
[Black "De Souza, Cristiano Gomes"]
[WhiteFideId "2186969"]
[BlackFideId "2151758"]
[WhiteElo "2365"]
[BlackElo "2253"]
[Result "0-1"]
[Round "8"]
[TimeControl "180+1"]
[Date "2023.08.15"]
[WhiteClock "0:00:25"]
[BlackClock "0:01:18"]
[Board "110"]

1. d4 Nf6 2. c4 g6 3. Nc3 Bg7 4. e4 d6 5. Nf3 O-O 6. Be2 e5 7. d5 Nbd7 8. O-O Nc5 9. Qc2 a5 10. Bg5 h6 11. Be3 Nfd7 12. Nd2 f5 13. f3 b6 14. b3 f4 15. Bf2 h5 16. a3 g5 17. b4 Nb7 18. Nb3 Nf6 19. c5 axb4 20. axb4 Rxa1 21. Rxa1 Nxc5 22. bxc5 bxc5 23. Kh1 g4 24. Bh4 Qe8 25. Rg1 Qg6 26. g3 Bh6 27. Qd1 Kh7 28. gxf4 exf4 29. Bxf6 Qxf6 30. fxg4 Qxc3 31. gxh5 f3 32. Bd3 Qe5 33. Rg3 f2 34. Kg2 Rf4 35. Qe2 f1=Q+ 36. Qxf1 Rxf1 37. Kxf1 Bf4 0-1


[Site "https://www.chess.com"]

[Event "Titled Tuesday Blitz August 15 Late 2023"]
[White "Vaglio Munoz, Jaime"]
[Black "Topalov, Aleksandar"]
[WhiteFideId "6500145"]
[BlackFideId "925659"]
[WhiteElo "2243"]
[BlackElo "2362"]
[Result "0-1"]
[Round "8"]
[TimeControl "180+1"]
[Date "2023.08.15"]
[WhiteClock "0:00:14"]
[BlackClock "0:00:18"]
[Board "111"]

1. Nf3 e6 2. c4 f5 3. b3 Nf6 4. Bb2 Be7 5. g3 O-O 6. Bg2 d6 7. d4 Ne4 8. O-O Bf6 9. Nbd2 Nxd2 10. Nxd2 e5 11. d5 e4 12. Bxf6 Qxf6 13. e3 a5 14. Rb1 Nd7 15. Qc2 Nc5 16. Qb2 Qh6 17. Qc3 Bd7 18. a3 g5 19. b4 axb4 20. axb4 Nd3 21. c5 Bb5 22. cxd6 cxd6 23. Qc7 Ne5 24. Rfc1 Nd3 25. Qxb7 Rab8 26. Qe7 Nxc1 27. Rxc1 Qf6 28. Qxf6 Rxf6 29. g4 Bd3 30. gxf5 Rxf5 31. Nxe4 Bxe4 32. Bxe4 Rf7 33. Rc6 Rxb4 34. Rc8+ Kg7 35. Re8 g4 36. Re6 Rb2 37. Rxd6 Rfxf2 38. Rd7+ Kf6 39. Rd6+ Kg5 40. Bxh7 Rfd2 41. Rg6+ Kh5 42. Rf6 Rg2+ 43. Kf1 Rxh2 44. Kg1 Rbg2+ 45. Kf1 Rd2 46. Kg1 g3 47. Be4 Kg5 48. Rg6+ Kh4 49. Rf6 Rhe2 50. Rh6+ Kg4 51. Rg6+ Kh5 52. Kf1 Rxe3 53. Re6 Rf2+ 54. Kg1 Re1# 0-1


[Site "https://www.chess.com"]

[Event "Titled Tuesday Blitz August 15 Late 2023"]
[White "Fernandez Hernandez, Gerardo"]
[Black "Vifleemskaia, Svetlana"]
[WhiteFideId "2207400"]
[BlackFideId "4129490"]
[WhiteElo "2238"]
[BlackElo "2361"]
[Result "1-0"]
[Round "8"]
[TimeControl "180+1"]
[Date "2023.08.15"]
[WhiteClock "0:00:28"]
[BlackClock "0:00:48"]
[Board "112"]

1. e4 e5 2. Nf3 Nc6 3. Bc4 Nf6 4. d3 Be7 5. c3 O-O 6. Nbd2 d5 7. exd5 Nxd5 8. O-O Nb6 9. Bb5 f6 10. Re1 a6 11. Bxc6 bxc6 12. d4 exd4 13. Nxd4 Bd7 14. Qb3+ Kh8 15. Ne4 Bd6 16. Nxd6 cxd6 17. Bf4 d5 18. Bd6 Re8 19. Rxe8+ Bxe8 20. Bc5 Nc4 21. Qc2 Bd7 22. Re1 g6 23. Be7 Qe8 24. Bxf6+ Kg8 25. Rxe8+ Rxe8 26. h3 Kf7 27. Bg5 Re5 28. Bf4 Re4 29. Bg5 c5 30. Nf3 Bf5 31. Qa4 Nxb2 32. Qxa6 Nd1 33. Qb7+ Ke6 34. Be3 Nxc3 35. Ng5+ Kf6 36. Nxe4+ Bxe4 37. Bxc5 1-0


[Site "https://www.chess.com"]

[Event "Titled Tuesday Blitz August 15 Late 2023"]
[White "tomobeast"]
[Black "rionelG"]
[WhiteElo "2231"]
[BlackElo "2351"]
[Result "0-1"]
[Round "8"]
[TimeControl "180+1"]
[Date "2023.08.15"]
[WhiteClock "0:02:10"]
[BlackClock "0:01:23"]
[Board "113"]

1. e3 Nf6 2. c4 g6 3. a3 Bg7 4. Nf3 O-O 5. b4 d6 6. Bb2 e5 7. Be2 Re8 8. O-O Nbd7 9. d4 e4 10. Nfd2 Nf8 11. Nc3 h5 12. Qc2 Bf5 13. b5 N8h7 14. c5 d5 15. a4 c6 16. a5 a6 17. bxc6 bxc6 18. Na4 Ng4 19. h3 Qh4 20. hxg4 hxg4 21. g3 Qh5 22. Rfb1 Ng5 23. Bf1 Bf6 24. Nb6 Ra7 25. Bc1 Kg7 26. f4 exf3 27. Bd3 f2+ 28. Kxf2 Qh2+ 29. Ke1 Rxe3+ 30. Kd1 Rae7 31. Bf1 Re1# 0-1


[Site "https://www.chess.com"]

[Event "Titled Tuesday Blitz August 15 Late 2023"]
[White "Stachanczyk, Jacek"]
[Black "Osmonbekov, Talaibek"]
[WhiteFideId "1116657"]
[BlackFideId "2017253"]
[WhiteElo "2329"]
[BlackElo "2212"]
[Result "1-0"]
[Round "8"]
[TimeControl "180+1"]
[Date "2023.08.15"]
[WhiteClock "0:00:47"]
[BlackClock "0:00:00"]
[Board "115"]

1. e4 c5 2. Nf3 d6 3. d4 cxd4 4. Nxd4 Nf6 5. Nc3 g6 6. f4 Nbd7 7. Be3 Bg7 8. Qf3 O-O 9. O-O-O Qa5 10. Nb3 Qc7 11. g4 Nc5 12. Rg1 Nxb3+ 13. axb3 a5 14. g5 Nh5 15. Nd5 Qd8 16. Bb6 Qd7 17. e5 a4 18. bxa4 Qxa4 19. Nxe7+ Kh8 20. Rxd6 Bf5 21. Bd3 Bxd3 22. Rxd3 Nxf4 23. Ra3 Qb4 24. Be3 Rxa3 25. bxa3 Qxa3+ 26. Kd2 Rd8+ 27. Ke1 Bxe5 28. Rg4 Qa1+ 29. Kf2 Nd5 30. Nxd5 Qb1 31. Qe4 Bg7 32. Bd4 1-0


[Site "https://www.chess.com"]

[Event "Titled Tuesday Blitz August 15 Late 2023"]
[White "Gerbelli Neto, Eduardo"]
[Black "laskakid"]
[WhiteFideId "2103281"]
[WhiteElo "2329"]
[BlackElo "2145"]
[Result "1-0"]
[Round "8"]
[TimeControl "180+1"]
[Date "2023.08.15"]
[WhiteClock "0:00:11"]
[BlackClock "0:00:11"]
[Board "116"]

1. e4 e5 2. Nf3 Nc6 3. d4 exd4 4. Bc4 Nf6 5. O-O Nxe4 6. Re1 d5 7. Bxd5 Qxd5 8. Nc3 Qd7 9. Rxe4+ Be7 10. Nxd4 f5 11. Rf4 O-O 12. Nxc6 Qxc6 13. Qd5+ Qxd5 14. Nxd5 Bd6 15. Rd4 Be6 16. Nf4 Bf7 17. Be3 Rfe8 18. Rd3 Rad8 19. g3 b6 20. b3 a5 21. Rad1 Bh5 22. R1d2 Bf3 23. Kf1 Be4 24. Rd4 Rc8 25. c4 Bf3 26. Nd5 Bc5 27. Rf4 Be4 28. Bxc5 bxc5 29. f3 g5 30. Nf6+ Kf7 31. Nxe8 gxf4 32. fxe4 Rxe8 33. exf5 fxg3 34. hxg3 Kf6 35. g4 Kg5 36. Rg2 Re3 37. Kf2 Rc3 38. Rg3 Rc2+ 39. Ke3 Rxa2 40. Ke4 Re2+ 41. Kd5 Kf4 42. Rg1 Rb2 43. f6 Kg5 44. Rf1 Rd2+ 45. Kxc5 Rd8 46. Kc6 Rf8 47. f7 Kxg4 48. Kxc7 h5 49. Kd7 h4 50. Ke7 Rxf7+ 51. Rxf7 h3 52. Rh7 Kg3 53. c5 h2 54. c6 Kg2 55. c7 h1=Q 56. Rxh1 Kxh1 57. c8=Q Kg2 58. Qc2+ 1-0


[Site "https://www.chess.com"]

[Event "Titled Tuesday Blitz August 15 Late 2023"]
[White "Florianovitz, Derlei Alex"]
[Black "Ouellet, Maili-Jade"]
[WhiteFideId "2114178"]
[BlackFideId "2620472"]
[WhiteElo "2175"]
[BlackElo "2328"]
[Result "0-1"]
[Round "8"]
[TimeControl "180+1"]
[Date "2023.08.15"]
[WhiteClock "0:01:27"]
[BlackClock "0:01:34"]
[Board "117"]

1. e4 e5 2. Nf3 Nc6 3. Bb5 a6 4. Ba4 Nf6 5. O-O Be7 6. Re1 b5 7. Bb3 O-O 8. c3 d5 9. exd5 Nxd5 10. Nxe5 Nxe5 11. Rxe5 Be6 12. Qe1 c6 13. Rxe6 fxe6 14. Qxe6+ Kh8 15. Qxc6 Nf4 16. Qf3 Qd3 17. Qxd3 Nxd3 18. Na3 Bc5 19. Bc2 Bxf2+ 20. Kh1 Rae8 21. g3 Re1+ 22. Kg2 Rg1+ 23. Kh3 Nxc1 24. d4 Be3 25. c4 b4 0-1


[Site "https://www.chess.com"]

[Event "Titled Tuesday Blitz August 15 Late 2023"]
[White "UgarteCesar"]
[Black "Ottosen, David"]
[BlackFideId "2603080"]
[WhiteElo "2319"]
[BlackElo "2131"]
[Result "1/2-1/2"]
[Round "8"]
[TimeControl "180+1"]
[Date "2023.08.15"]
[WhiteClock "0:02:03"]
[BlackClock "0:02:26"]
[Board "118"]

1. d4 d5 2. Nf3 c6 3. e3 e6 4. b3 f5 5. Bb2 Nf6 6. Nbd2 Bd6 7. Bd3 O-O 8. O-O Ne4 9. Ne5 Nd7 10. f3 Nxd2 11. Qxd2 Qc7 12. f4 Nf6 13. c4 Ne4 14. Bxe4 fxe4 15. c5 Bxe5 16. fxe5 Bd7 17. b4 Rxf1+ 18. Rxf1 Rf8 19. Qe2 Qd8 20. Qg4 Rxf1+ 21. Kxf1 Qf8+ 22. Kg1 Qf5 23. Qxf5 exf5 24. Kf2 Kf7 25. h4 Ke6 26. Kg3 Be8 27. Bc3 Bh5 28. a4 a6 29. Kf4 Be2 30. Kg5 Bd1 31. a5 Be2 32. Be1 Bd1 33. h5 Be2 34. Bh4 Bd1 35. h6 g6 36. Kf4 Be2 37. Bf6 Bd1 38. g3 Be2 39. Bd8 Bd1 40. Kg5 Be2 41. Bc7 Bd1 42. Bb6 Be2 43. Ba7 1/2-1/2


[Site "https://www.chess.com"]

[Event "Titled Tuesday Blitz August 15 Late 2023"]
[White "Okike, David"]
[Black "Hartikainen, Jarmo"]
[WhiteFideId "8500134"]
[BlackFideId "503134"]
[WhiteElo "2319"]
[BlackElo "2118"]
[Result "1-0"]
[Round "8"]
[TimeControl "180+1"]
[Date "2023.08.15"]
[WhiteClock "0:01:07"]
[BlackClock "0:00:00"]
[Board "119"]

1. e4 c5 2. Nf3 Nc6 3. d4 cxd4 4. Nxd4 Nf6 5. Nc3 d6 6. Bg5 Bd7 7. f3 a6 8. Qd2 e6 9. O-O-O Be7 10. h4 Qc7 11. Kb1 O-O-O 12. Be3 Ne5 13. Qf2 Kb8 14. Nb3 Nc4 15. Bd4 Rc8 16. g4 Rhd8 17. g5 Ne8 18. Rg1 b5 19. Bxc4 Qxc4 20. Bb6 b4 21. Bxd8 Bxd8 22. Rd4 Bb6 23. Rxc4 Bxf2 24. Rxb4+ Ka7 25. Rh1 a5 26. Rd4 Bxd4 27. Nxd4 Nc7 28. a4 Rb8 29. Ka2 Rb4 30. Rd1 Bxa4 31. b3 Be8 32. Ka3 Kb6 33. h5 Kc5 34. Nde2 d5 35. exd5 exd5 36. h6 gxh6 37. gxh6 Rb6 38. Rh1 Rf6 39. f4 Bd7 40. Rh4 Nb5+ 41. Nxb5 Bxb5 42. Nc3 Bc6 43. Kb2 d4 44. Ne2 Re6 45. Rh2 Re3 46. Kc1 a4 47. bxa4 Bxa4 48. Kd2 Rf3 49. Rh5+ Kc4 50. Rf5 Bxc2 51. Nxd4 Kxd4 52. Kxc2 Ke4 53. Rxf7 Rxf4 54. Rxh7 Rh4 55. Rh8 Kf5 56. h7 Kg6 57. Kd3 Rxh7 58. Rg8+ Rg7 59. Rf8 Rd7+ 60. Ke4 Rf7 61. Rg8+ Kf6 62. Kd5 Re7 63. Kd6 Re1 64. Rf8+ Kg7 65. Rf2 Kg6 66. Kd5 Kg5 67. Kd4 Kg4 68. Rf7 Kg5 69. Kd3 Kg4 70. Rf8 Kg5 71. Rf7 Kg6 72. Rf2 Kg5 73. Kd2 Re8 74. Rg2+ Kf4 75. Rf2+ Kg5 76. Rg2+ Kf4 77. Rg7 Kf5 78. Rf7+ Ke6 79. Rf3 Kd6 80. Kc3 Rc8+ 81. Kd4 1-0


[Site "https://www.chess.com"]

[Event "Titled Tuesday Blitz August 15 Late 2023"]
[White "Navyblue1"]
[Black "Garmendiarov"]
[WhiteElo "2018"]
[BlackElo "2299"]
[Result "1-0"]
[Round "8"]
[TimeControl "180+1"]
[Date "2023.08.15"]
[WhiteClock "0:00:12"]
[BlackClock "0:00:35"]
[Board "120"]

1. d4 Nf6 2. c4 g6 3. Nc3 d5 4. cxd5 Nxd5 5. e4 Nxc3 6. bxc3 Bg7 7. Be3 c5 8. Bc4 O-O 9. Ne2 Nc6 10. O-O Bg4 11. f3 Na5 12. Bd3 cxd4 13. cxd4 Be6 14. d5 Bxa1 15. Qxa1 f6 16. Qc3 Rc8 17. Qb4 Bd7 18. Bxa7 e6 19. Bb6 Qe8 20. Qxa5 exd5 21. exd5 Ra8 22. Qd2 Bb5 23. Nf4 Bxd3 24. Qxd3 Rxa2 25. d6 Kh8 26. d7 Qe5 27. d8=Q Rxd8 28. Qxd8+ Kg7 29. Qd7+ Kh6 30. Qh3+ Kg7 31. Ne6+ Kg8 32. Nd4 Qe3+ 33. Kh1 Qf2 34. Rg1 Qb2 35. Qc8+ Kg7 36. Ne6+ Kh6 37. Be3+ Kh5 38. Qc5+ f5 39. Ng7+ Kh4 40. Qe7+ g5 41. Qxg5# 1-0


[Site "https://www.chess.com"]

[Event "Titled Tuesday Blitz August 15 Late 2023"]
[White "Romero Ruscalleda, Josep"]
[Black "Fernandez Bustamante, Leancy B."]
[WhiteFideId "2231859"]
[BlackFideId "3523870"]
[WhiteElo "2406"]
[BlackElo "2227"]
[Result "0-1"]
[Round "8"]
[TimeControl "180+1"]
[Date "2023.08.15"]
[WhiteClock "0:00:00"]
[BlackClock "0:00:54"]
[Board "121"]

1. e4 c5 2. c3 d5 3. exd5 Qxd5 4. Nf3 Bg4 5. Be2 Nf6 6. O-O e6 7. h3 Bh5 8. Na3 a6 9. Qb3 Nbd7 10. d4 cxd4 11. Bc4 Qa5 12. Nxd4 Bxa3 13. bxa3 O-O 14. Re1 Nc5 15. Qb4 Qc7 16. Bg5 Ncd7 17. Bd3 Bg6 18. Bxg6 hxg6 19. Rab1 b5 20. Rec1 Nd5 21. Qb2 N7b6 22. Qe2 Nc4 23. a4 bxa4 24. Nxe6 fxe6 25. Qxe6+ Qf7 26. Qe2 Rac8 27. Bh4 Nf4 28. Qf3 Nd2 0-1


[Site "https://www.chess.com"]

[Event "Titled Tuesday Blitz August 15 Late 2023"]
[White "Vila Dupla, Aurelio"]
[Black "Jahnz, Fabian"]
[WhiteFideId "2203383"]
[BlackFideId "4653300"]
[WhiteElo "2130"]
[BlackElo "2326"]
[Result "1-0"]
[Round "8"]
[TimeControl "180+1"]
[Date "2023.08.15"]
[WhiteClock "0:00:30"]
[BlackClock "0:00:09"]
[Board "122"]

1. Nf3 d5 2. d4 Bf5 3. c4 e6 4. cxd5 exd5 5. Qb3 b6 6. Nc3 c6 7. Ne5 Bd6 8. e4 Bxe5 9. dxe5 Bxe4 10. Nxe4 dxe4 11. Bc4 Qe7 12. Bf4 b5 13. Be2 Nd7 14. Qc3 Qe6 15. O-O Ne7 16. h3 O-O 17. Bg4 Nf5 18. Rfd1 g6 19. Rd6 Qe7 20. Bxf5 gxf5 21. Rad1 Nb6 22. Bh6 Kh8 23. Bxf8 Rxf8 24. e6+ f6 25. Qxc6 Rc8 26. Qxb5 Kg7 27. Qxf5 e3 28. fxe3 Rc7 29. e4 Kh8 30. e5 Nc4 31. exf6 Nxd6 32. fxe7 1-0


[Site "https://www.chess.com"]

[Event "Titled Tuesday Blitz August 15 Late 2023"]
[White "Schut, Han"]
[Black "cthake"]
[WhiteFideId "1005561"]
[WhiteElo "2233"]
[BlackElo "1835"]
[Result "1-0"]
[Round "8"]
[TimeControl "180+1"]
[Date "2023.08.15"]
[WhiteClock "0:00:37"]
[BlackClock "0:00:00"]
[Board "123"]

1. e4 c5 2. Nf3 Nc6 3. d4 cxd4 4. Nxd4 Nf6 5. Nc3 e5 6. Ndb5 d6 7. Nd5 Nxd5 8. exd5 Nb8 9. Qf3 a6 10. Qa3 Be7 11. Bg5 f6 12. Bd2 O-O 13. Bb4 Bf5 14. Nxd6 Bxd6 15. Bxd6 Re8 16. c4 Nd7 17. Be2 e4 18. O-O Ne5 19. Bxe5 Rxe5 20. c5 Kh8 21. d6 Rc8 22. b4 Bd7 23. Rac1 Bc6 24. Rfd1 f5 25. f4 exf3 26. Bxf3 Bxf3 27. Qxf3 Qd7 28. a4 Rce8 29. Rb1 Re3 30. Qd5 R3e5 31. Qf3 Re3 32. Qf1 Qc6 33. Rdc1 R3e5 34. b5 axb5 35. axb5 Qd5 36. Kh1 Re2 37. Re1 Qd3 38. Rxe2 1-0


[Site "https://www.chess.com"]

[Event "Titled Tuesday Blitz August 15 Late 2023"]
[White "Verony64"]
[Black "KSho99"]
[WhiteElo "2122"]
[BlackElo "2197"]
[Result "1/2-1/2"]
[Round "8"]
[TimeControl "180+1"]
[Date "2023.08.15"]
[WhiteClock "0:00:12"]
[BlackClock "0:00:05"]
[Board "124"]

1. d4 f5 2. g4 fxg4 3. h3 d5 4. hxg4 Bxg4 5. Bg2 Nf6 6. Nc3 e6 7. Bg5 Be7 8. Qd2 Nc6 9. O-O-O Qd7 10. Nf3 O-O-O 11. Kb1 Bf5 12. Bf4 Bb4 13. Ne5 Nxe5 14. Bxe5 Qc6 15. a3 Bxc3 16. Qxc3 Qxc3 17. bxc3 Rd7 18. Rdg1 Bg6 19. Bh3 Re7 20. Bxe6+ Rxe6 21. Rxg6 Rg8 22. Rg2 Ne4 23. Rxh7 Nxc3+ 24. Kb2 Nxe2 25. f4 Rb6+ 26. Ka1 Nc3 27. Rg1 Ne2 28. Re1 Nc3 29. Rh3 Ne4 30. Rg1 g5 31. Rh7 Rc6 32. Kb2 g4 33. f5 Nf6 34. Rf7 Nd7 35. Rg3 b6 36. Rh7 Rg5 37. Rh8+ Kb7 38. Rh4 Rxf5 39. Rhxg4 Nxe5 40. dxe5 Rxe5 41. Rg2 Re3 42. Rd4 Rcc3 43. Rxd5 Rxa3 44. Rg7 Rac3 45. Rd4 Rc6 46. Rd2 Rec3 47. Rgd7 R3c5 48. R7d3 Rb5+ 49. Kc1 Rc4 50. Re2 Ra5 51. Kd2 Ra2 52. Kd1 Ra1+ 53. Kd2 Ra2 54. Kc1 a5 55. Kb1 Raa4 56. Rb3 Rab4 57. Ka2 Rxb3 58. cxb3 Rc5 59. Rd2 Ka6 60. Rd4 c6 61. Rf4 b5 62. Rf8 Kb6 63. Rb8+ Ka7 64. Rf8 Rc2+ 65. Kb1 Rc3 66. Rf7+ Kb6 67. Kb2 Rh3 68. Rf8 b4 69. Rf5 c5 70. Rf6+ Kb5 71. Rf8 Rh2+ 72. Kb1 a4 73. Rb8+ Kc6 74. bxa4 Kd5 75. Rc8 Kc4 76. a5 Kb3 77. Kc1 c4 78. a6 c3 79. Kd1 Rh1+ 80. Ke2 Ra1 81. Rc6 c2 82. Kd2 Ra2 83. Kc1 Ra1+ 84. Kd2 Ra5 85. Rxc2 Rd5+ 86. Kc1 Ra5 87. Rb2+ Kc4 88. Rc2+ Kb5 89. Rb2 Rxa6 90. Kc2 Ra3 91. Kb1 Rg3 92. Re2 Ka4 93. Kb2 Rf3 94. Rd2 Rb3+ 95. Kc2 Ra3 96. Kb2 Rh3 97. Re2 Rh4 98. Rd2 Rh3 99. Rf2 Rb3+ 100. Ka2 Ra3+ 101. Kb2 Rb3+ 102. Kc2 Ra3 103. Kb2 Rb3+ 1/2-1/2


[Site "https://www.chess.com"]

[Event "Titled Tuesday Blitz August 15 Late 2023"]
[White "dorpato"]
[Black "olackza"]
[WhiteElo "2049"]
[BlackElo "2194"]
[Result "0-1"]
[Round "8"]
[TimeControl "180+1"]
[Date "2023.08.15"]
[WhiteClock "0:00:19"]
[BlackClock "0:00:08"]
[Board "125"]

1. e4 c5 2. Nc3 d6 3. g3 g6 4. Bg2 Bg7 5. d3 Nc6 6. Be3 Rb8 7. Qd2 b5 8. Nf3 b4 9. Ne2 Bxb2 10. Rb1 Bg7 11. O-O Nf6 12. h3 a5 13. Bh6 O-O 14. Bxg7 Kxg7 15. g4 Be6 16. Ra1 a4 17. Nh4 b3 18. cxb3 axb3 19. axb3 Rxb3 20. f4 Qb6 21. Kh1 Qb4 22. Qe3 c4 23. Rad1 cxd3 24. Nd4 Qxd4 25. Qg3 d2 26. Bf3 Nxe4 27. Qg2 Bd5 28. f5 Nf6 29. Bxd5 Qxd5 30. Qxd5 Nxd5 31. Rxd2 Rxh3+ 32. Kg2 Rxh4 33. Kg3 Ne3 34. Re1 Rxg4+ 35. Kf3 Ne5+ 36. Kxe3 Nc4+ 37. Kf3 Nxd2+ 38. Kxg4 gxf5+ 39. Kxf5 e6+ 40. Kg5 f6+ 41. Kh5 Kf7 42. Kh6 d5 43. Kxh7 Ne4 44. Rg1 Ng5+ 45. Rxg5 fxg5 46. Kh6 Rg8 47. Kh7 g4 48. Kh6 g3 49. Kh5 g2 50. Kh6 g1=Q 0-1


[Site "https://www.chess.com"]

[Event "Titled Tuesday Blitz August 15 Late 2023"]
[White "Bongo Akanga Ndjila, Barthelemy"]
[Black "Petersson, Kjell"]
[WhiteFideId "10609431"]
[BlackFideId "1705148"]
[WhiteElo "2036"]
[BlackElo "2174"]
[Result "1/2-1/2"]
[Round "8"]
[TimeControl "180+1"]
[Date "2023.08.15"]
[WhiteClock "0:00:13"]
[BlackClock "0:00:03"]
[Board "126"]

1. d4 f5 2. Bg5 h6 3. Bh4 c5 4. dxc5 Qa5+ 5. Nc3 g5 6. e4 gxh4 7. Qh5+ Kd8 8. O-O-O Bg7 9. Nge2 Qa6 10. Nd4 Qf6 11. exf5 Qg5+ 12. Qxg5 hxg5 13. Ne6+ Ke8 14. Nc7+ Kf7 15. Nxa8 Be5 16. Bc4+ Kg7 17. Rhe1 Nc6 18. Nd5 Nf6 19. Nac7 d6 20. cxd6 exd6 21. Nxf6 Kxf6 22. Ne6 Kxf5 23. f4 gxf4 24. Nc7 Rh7 25. Nd5 Rg7 26. g3 hxg3 27. hxg3 Rxg3 28. Rf1 Nd4 29. c3 Nc6 30. Bd3+ Kg5 31. Rg1 Bg4 32. Rdf1 Rxg1 33. Rxg1 Kh4 34. Bf1 f3 35. Kd2 f2 36. Rh1+ Kg3 37. Rh6 Bf4+ 38. Nxf4 Kxf4 39. Rf6+ Kg3 40. Ke3 Ne5 41. Rxf2 Be6 42. Rg2+ Kh4 43. Rg7 Ng4+ 44. Kd3 Bd5 45. Rxb7 Bxb7 46. Kd4 Bc6 47. c4 Nf6 48. Bd3 Kg4 49. b4 Kf4 50. b5 Bb7 51. a4 Kf3 52. a5 Nd7 53. c5 dxc5+ 54. Kc4 Ke3 55. Bf5 Ne5+ 56. Kxc5 Nd3+ 57. Kd6 Nb4 58. Kc7 Bd5 59. b6 axb6 60. axb6 Nd3 61. b7 Bxb7 62. Kxb7 1/2-1/2


[Site "https://www.chess.com"]

[Event "Titled Tuesday Blitz August 15 Late 2023"]
[White "Quispe Santacruz, Javier"]
[Black "Vargas, Mauricio"]
[WhiteFideId "3800920"]
[BlackFideId "4404572"]
[WhiteElo "2138"]
[BlackElo "1880"]
[Result "1-0"]
[Round "8"]
[TimeControl "180+1"]
[Date "2023.08.15"]
[WhiteClock "0:01:53"]
[BlackClock "0:00:00"]
[Board "127"]

1. d4 d5 2. c4 c6 3. Nf3 e6 4. Nc3 dxc4 5. a4 Bb4 6. e4 b5 7. Be2 Bb7 8. O-O Qc7 9. axb5 Bxc3 10. bxc3 cxb5 11. e5 a6 12. Nd2 Nd7 13. Bf3 Ne7 14. Re1 Nd5 15. Ne4 O-O 16. Bd2 f6 17. exf6 N7xf6 18. Ng5 Rfe8 19. Nxe6 Qc8 20. Nc5 1-0


[Site "https://www.chess.com"]

[Event "Titled Tuesday Blitz August 15 Late 2023"]
[White "Joubert, Dantelle"]
[Black "Burke, Paul"]
[WhiteFideId "14310813"]
[BlackFideId "2605767"]
[WhiteElo "2062"]
[BlackElo "1840"]
[Result "1-0"]
[Round "8"]
[TimeControl "180+1"]
[Date "2023.08.15"]
[WhiteClock "0:00:15"]
[BlackClock "0:00:03"]
[Board "128"]

1. e4 e5 2. Nf3 Nc6 3. Nc3 Be7 4. a3 d6 5. d4 exd4 6. Nxd4 Nf6 7. Nxc6 bxc6 8. Bd3 O-O 9. O-O Bg4 10. f3 Bh5 11. Bc4 h6 12. Be3 Qd7 13. Qd2 Kh7 14. Rad1 a5 15. a4 Rab8 16. b3 Ne8 17. Qf2 Bf6 18. Ne2 Bg6 19. Bd4 Qe7 20. Nf4 Bxd4 21. Qxd4 Qe5 22. Nxg6 Qxd4+ 23. Rxd4 fxg6 24. Be6 Nf6 25. Bc4 Rbd8 26. Rfd1 Rfe8 27. g3 Nd7 28. Bf1 Ne5 29. Bg2 c5 30. Rd5 Nc6 31. R5d2 Nd4 32. Kf2 Rb8 33. Bf1 Re7 34. Bc4 Nc6 35. Ke3 Ne5 36. Bb5 c6 37. Be2 Nf7 38. Bc4 Ne5 39. Be2 Nf7 40. Bc4 Ne5 41. Rxd6 Nxc4+ 42. bxc4 Rb2 43. Rxc6 Rxc2 44. Rxc5 Ra2 45. Rxa5 Rc7 46. c5 Rc2 47. Rd5 Rc3+ 48. Rd3 Rc2 49. h4 R2xc5 50. Rxc5 Rxc5 51. Ra3 Ra5 52. Kd4 Kg8 53. Kc4 Kf7 54. Kb4 Ra7 55. a5 Ke7 56. Kb5 Kd6 57. Kb6 Ra8 58. Rd3+ Ke5 59. Rd5+ Ke6 60. a6 Rb8+ 61. Kc7 Rb2 62. Ra5 Rc2+ 63. Kd8 Rd2+ 64. Ke8 Rb2 65. a7 1-0


[Site "https://www.chess.com"]

[Event "Titled Tuesday Blitz August 15 Late 2023"]
[White "Milovic, Aleksandra"]
[Black "Maluco_do_Natal_00"]
[WhiteFideId "933988"]
[WhiteElo "2075"]
[BlackElo "2065"]
[Result "0-1"]
[Round "8"]
[TimeControl "180+1"]
[Date "2023.08.15"]
[WhiteClock "0:00:14"]
[BlackClock "0:00:47"]
[Board "129"]

1. d4 d5 2. c4 c6 3. cxd5 cxd5 4. Nc3 Nc6 5. Bf4 Nf6 6. e3 a6 7. Bd3 Bg4 8. f3 Bc8 9. Nge2 e6 10. g4 Be7 11. h4 b5 12. a3 Bb7 13. Qc2 Rc8 14. h5 h6 15. g5 hxg5 16. Bxg5 Nd7 17. Bxe7 Qxe7 18. Nf4 b4 19. axb4 Nxb4 20. Qd2 Nxd3+ 21. Qxd3 Nb6 22. Kf2 Nc4 23. b3 Nd6 24. Rag1 Qf6 25. Na4 Rc7 26. Nc5 Bc8 27. Nxa6 Bxa6 28. Qxa6 Rc2+ 29. Kg3 Nf5+ 30. Kh3 Qh4# 0-1


[Site "https://www.chess.com"]

[Event "Titled Tuesday Blitz August 15 Late 2023"]
[White "Holt, Conrad"]
[Black "Duda, Jan-Krzysztof"]
[WhiteFideId "2034387"]
[BlackFideId "1170546"]
[WhiteElo "2922"]
[BlackElo "3089"]
[Result "0-1"]
[Round "9"]
[TimeControl "180+1"]
[Date "2023.08.15"]
[WhiteClock "0:00:00"]
[BlackClock "0:01:30"]
[Board "1"]

1. d4 Nf6 2. c4 e6 3. Nc3 Bb4 4. Qc2 d5 5. cxd5 Qxd5 6. Nf3 Qf5 7. Qb3 Nc6 8. Bd2 O-O 9. h3 a5 10. g4 Qg6 11. Bg2 a4 12. Qc4 Nd5 13. a3 Na5 14. Qa2 Bxc3 15. bxc3 Nb3 16. Rd1 b5 17. Ne5 Qf6 18. O-O Qe7 19. c4 bxc4 20. Nxc4 Ba6 21. Ne3 Nxd4 22. Nxd5 Nxe2+ 23. Kh1 exd5 24. Rfe1 Bc4 25. Qb1 Rab8 26. Qa1 Rfe8 0-1


[Site "https://www.chess.com"]

[Event "Titled Tuesday Blitz August 15 Late 2023"]
[White "Dubov, Daniil"]
[Black "Hakobyan, Aram"]
[WhiteFideId "24126055"]
[BlackFideId "13306677"]
[WhiteElo "3046"]
[BlackElo "2990"]
[Result "0-1"]
[Round "9"]
[TimeControl "180+1"]
[Date "2023.08.15"]
[WhiteClock "0:00:00"]
[BlackClock "0:00:23"]
[Board "2"]

1. d4 Nf6 2. Nf3 d5 3. Bg5 Ne4 4. Bh4 c5 5. e3 Qb6 6. Nc3 Nxc3 7. bxc3 Qa5 8. Qd2 c4 9. e4 e6 10. exd5 Qxd5 11. Qe2 b5 12. a4 a6 13. g4 Bb7 14. Bg2 Qe4 15. Qxe4 Bxe4 16. O-O Be7 17. Bxe7 Kxe7 18. axb5 axb5 19. Ne5 Bxg2 20. Kxg2 Nd7 21. Nc6+ Kd6 22. Na7 Rhb8 23. Ra6+ Kc7 24. Nxb5+ Kd8 25. Rxa8 Rxa8 26. Nd6 Ke7 27. Nxc4 Rc8 28. Ne3 Rxc3 29. Ra1 Nf6 30. Ra7+ Ke8 31. Ra8+ Ke7 32. Ra7+ Ke8 33. Kf3 Nd5 34. Ra2 Ke7 35. Ke2 Rxe3+ 36. fxe3 Nc3+ 37. Kd2 Nxa2 38. c3 Kd6 39. Kc2 Kd5 40. Kb2 Kc4 41. Kxa2 Kxc3 42. Ka3 Kd3 43. Kb4 Kxe3 44. Kc5 Ke4 45. h4 h6 46. h5 Ke3 47. d5 exd5 48. Kxd5 Kf4 0-1


[Site "https://www.chess.com"]